 Dungeon Crawl Stone Soup version 0.27.1-3-gb3d3a73c9e (webtiles) character file.

Game seed: 10616213857598823590

47 styxcanada the Sneak (level 3, 0/18 HPs)
             Began as a Spriggan Brigand on Oct 31, 2021.
             Killed from afar by Natasha (6 damage)
             ... with a magic dart
             ... on level 2 of the Dungeon.
             The game lasted 00:04:26 (1840 turns).

styxcanada the Sneak (Spriggan Brigand)             Turns: 1840, Time: 00:04:27

Health: 0/18       AC:  3    Str:  7    XL:     3   Next: 48%
Magic:  4/4        EV: 17    Int: 12    God:
Gold:   21         SH:  0    Dex: 17    Spells: 2/2 levels left

rFire    . . .     SeeInvis +   a - +2 dagger
rCold    . . .     Faith    .   (shield restricted)
rNeg     . . .     Spirit   .   b - +0 robe
rPois    .         Reflect  .   (helmet restricted)
rElec    .         Harm     .   c - +0 cloak
rCorr    .         Rampage  .   (gloves unavailable)
Will     .....                  (boots unavailable)
Stlth    ++++......             (no amulet)
HPRegen  0.06/turn              (no ring)
MPRegen  0.09/turn              (no ring)

@: very quick
A: very small, no large weapons, unfitting armour, see invisible, speed 3
a: no special abilities


You were on level 2 of the Dungeon.
You visited 1 branch of the dungeon, and saw 2 of its levels.

You collected 21 gold pieces.

Inventory:

Hand Weapons
 a - a +2 dagger (weapon)
Missiles
 d - 3 poisoned darts (quivered)
 e - 2 curare-tipped darts
 g - 64 stones
 i - 8 atropa-tipped darts
Armour
 b - a +0 robe (worn)
 c - a +0 cloak (worn)
Scrolls
 l - a scroll of immolation {unknown}
Potions
 j - a potion of might
 k - a potion of magic


   Skills:
 * Level 1.6 Fighting
 + Level 2.4 Short Blades
 + Level 2.1 Throwing
 * Level 2.0 Dodging
 * Level 7.4 Stealth


You had 2 spell levels left.
You didn't know any spells.
Your spell library was empty.

Dungeon Overview and Level Annotations

Branches:
Dungeon (2/15)

Altars:

Annotations:
D:2 Natasha


Innate Abilities, Weirdness & Mutations

You are very small and have problems with some larger weapons.
You are too small for most types of armour.
You have supernaturally acute eyesight. (SInv)
You cover ground extremely quickly. (Speed+++)


Message History

Aim: Natasha (lightly wounded, poisoned, 53% to hit)
You throw a poisoned dart.
The poisoned dart barely misses Natasha.
Natasha barely misses you.
Throw: 4 darts (poison)
Press: ? - help, Q - select action, (/) - cycle Shift-Dir - straight line, f/p - Natasha
Aim: Natasha (lightly wounded, poisoned, 53% to hit)
You throw a poisoned dart.
The poisoned dart closely misses Natasha.
Natasha stares at you and mumbles some strange words.
You resist with some effort.
You hit Natasha.
Natasha is moderately wounded.
Natasha claws you but does no damage.
You hit Natasha.
Natasha is heavily wounded.
Natasha casts a spell.
You closely miss Natasha.
Natasha is heavily wounded.
Natasha closely misses you.
You completely miss Natasha.
Natasha is heavily wounded.
The shadow imp barely misses you. Natasha closely misses you.
You closely miss Natasha.
Natasha is heavily wounded.
Natasha looks more healthy.
The shadow imp barely misses you.
You closely miss Natasha.
Natasha is heavily wounded.
Natasha claws you. The shadow imp gestures at you.
Pain shoots through your body!
You hit Natasha.
Natasha is almost dead.
Natasha stares at you and mumbles some strange words.
You resist with some effort. The shadow imp barely misses you.
You closely miss Natasha.
Natasha is almost dead.
Natasha casts a spell at you. The magic dart hits you.
You die...

###+#.. #. #......#
#. #......# #.
......# .#.
....##.#. #.... #.
#...###. ######
#....... #.@h(#
#..####. #5##......
#.......
#.##########..#####
#.............#.†.g
###############.###
#.... #..## #.#....
#.#<...


You could see Natasha and a shadow imp (summoned).

Vanquished Creatures
  An adder (D:2)
  4 ball pythons
  2 bats
  3 endoplasms
  A giant cockroach (D:1)
  5 goblins (D:1)
  3 hobgoblins (D:1)
  2 quokkas (D:1)
  2 frilled lizards
  4 kobolds (D:1)
  5 rats
32 creatures vanquished.

Vanquished Creatures (collateral kills)
  A bat (D:2)
1 creature vanquished.

Grand Total: 33 creatures vanquished

Notes
Turn   | Place    | Note
-------+----------+-------------------------------------------
     0 | D:1      | styxcanada the Spriggan Brigand began the quest for the
                  | Orb.
     0 | D:1      | Reached XP level 1. HP: 10/10 MP: 2/2
    98 | D:1      | Reached skill level 6 in Stealth
   247 | D:1      | Reached XP level 2. HP: 4/14 MP: 3/3
  1069 | D:1      | Reached skill level 7 in Stealth
  1275 | D:1      | Reached XP level 3. HP: 12/18 MP: 4/4
  1825 | D:2      | Noticed Natasha
  1840 | D:2      | Killed from afar by Natasha

Illustrated notes

Levels and vault maps discovered:
D:1:      minmay_arrival_nine_rooms, layout_basic, interstate_on_off, hex_tiny,
          hex_large, minmay_misc_feat_tower
D:2:      layout_basic, ebering_ecumenical_altar_petrified, uniq_natasha

Skill      XL: |  1  2  3 |
---------------+----------+-----
Stealth        | 6 7 |  7.4
Dodging        | 2 |  2.0
Fighting       | |  1.6
Short Blades   | |  2.4
Throwing       | |  2.1

Action                   || total
-------------------------++-------
Melee: Dagger            ||    83
Throw: Dart              ||     9
  Use: Scroll            ||     3
 Stab: Sleeping          ||     8
       Distracted        ||     2
Armor: Robe              ||    10
Dodge: Dodged            ||    66
